 Dungeon Crawl Stone Soup version 0.26-a0-651-gb41185065b (webtiles) character file.

Game seed: 2097343072013048512

(classic levelgen) 3025 EnegeticOcto the Cleaver (level 9, 0/121 HPs)
             Began as a Deep Dwarf Fighter on Oct 22, 2020.
             Was a Priest of Okawaru.
             Slain by a komodo dragon (9 damage)
             ... on level 1 of the Lair of Beasts.
             The game lasted 00:08:02 (969 turns).

EnegeticOcto the Cleaver (Deep Dwarf Fighter)        Turns: 969, Time: 00:08:03

Health: 0/121      AC: 24    Str: 20    XL:     9   Next: 55%
Magic:  0/0        EV:  2    Int: 12    God:    Okawaru [***...]
Gold:   150        SH:  9    Dex: 12    Spells: 11/11 levels left

rFire    . . .     SeeInvis .   a - +0 war axe
rCold    . . .     Faith    .   c - +0 kite shield
rNeg     + + +     Spirit   .   (armour currently unavailable)
rPois    +         Reflect  .   (helmet currently unavailable)
rElec    .         Harm     .   (cloak currently unavailable)
rCorr    .         Rampage  .   (gloves currently unavailable)
MR       +....     NoTele   +   (boots currently unavailable)
Stlth    +.........             (no amulet)
HPRegen  0.00/turn              (no ring)
MPRegen  0.07/turn              (no ring)

@: lethally poisoned (0 -> 0), tree-form (expiring), non-regenerating
A: damage resistance, heal wounds, sense surroundings 2, no regeneration
a: Heal Wounds, Heroism, Renounce Religion


You were on level 1 of the Lair of Beasts.
You worshipped Okawaru.
Okawaru was most pleased with you.
You were a tree.
You visited 2 branches of the dungeon, and saw 10 of its levels.

You collected 150 gold pieces.

Inventory:

Hand Weapons
 a - a +0 war axe (weapon)
Armour
 b - a +0 scale mail (melded)
 c - a +0 kite shield (worn)
 g - a +0 pair of gloves (melded)
Wands
 f - a wand of disintegration (16)
 n - a wand of acid (12) {@v1}
Scrolls
 e - 2 scrolls of teleportation {@r3}
 i - a scroll of noise {unknown}
 j - a scroll of fear
 o - a scroll of vulnerability
Potions
 d - a potion of might {@q3}
 h - a potion of lignification
 k - a potion of magic
 l - a potion of curing {unknown}
 m - a potion of degeneration {unknown}


   Skills:
 - Level 5.0 Fighting
 * Level 11.6 Axes
 - Level 3.2 Armour
 + Level 4.3 Shields
 + Level 1.8 Spellcasting
 - Level 6.0 Invocations
 + Level 3.1 Evocations


You had 11 spell levels left.
You didn't know any spells.
Your spell library was empty.

Dungeon Overview and Level Annotations

Branches:
Dungeon (10/15)              Lair (1/6) D:9
 Temple: D:4-7          Orc: D:9-12

Altars:
Elyvilon
Fedhas
Okawaru
Qazlal

Shops:
D:6 *


Innate Abilities, Weirdness & Mutations

You are resistant to damage.
You can heal yourself by infusing magical energy.
You passively map the area around you.
You do not regenerate.


Message History

The black mamba is lightly wounded.
You feel sick. The black mamba bites you!
You miss the black mamba.
The black mamba is lightly wounded.
The black mamba bites you but does no damage.
You closely miss the black mamba.
The black mamba is lightly wounded.
The black mamba bites you but does no damage. x2
You closely miss the black mamba.
The black mamba is lightly wounded.
The black mamba bites you but does no damage.
You barely miss the black mamba.
The black mamba is lightly wounded.
The black mamba bites you but does no damage.
You barely miss the black mamba.
The black mamba is lightly wounded.
You block the black mamba's attack. x2
You hit the black mamba.
The black mamba is moderately wounded.
The black mamba completely misses you.
You slash the black mamba!
The black mamba is heavily wounded.
You feel like a meek peon again.
The black mamba bites you but does no damage.
You block the black mamba's attack.
You slash the black mamba!
The black mamba is severely wounded.
You block the black mamba's attack.
You hit the black mamba.
The black mamba is severely wounded.
The black mamba bites you but does no damage.
You block the black mamba's attack.
You barely miss the black mamba.
The black mamba is severely wounded.
You block the black mamba's attack.
The black mamba bites you but does no damage.
You closely miss the black mamba.
The black mamba is severely wounded.
The black mamba bites you but does no damage.
The black mamba barely misses you.
You hit the black mamba but do no damage.
The black mamba is severely wounded.
The black mamba bites you.
Your shield prevents you from hitting the black mamba.
The black mamba is severely wounded.
You block the black mamba's attack.
The black mamba bites you but does no damage.
You slash the black mamba!
You kill the black mamba!
Okawaru accepts your kill.
Your Evocations skill increases to level 3!
The komodo dragon bites you but does no damage.
You completely miss the komodo dragon. You block the komodo dragon's attack.
You hit the komodo dragon.
The komodo dragon is lightly wounded.
You block the komodo dragon's attack.
You hit the komodo dragon.
The komodo dragon is moderately wounded.
The komodo dragon bites you but does no damage.
You hit the komodo dragon.
The komodo dragon is moderately wounded.
The komodo dragon bites you!
Your shield prevents you from hitting the komodo dragon.
The komodo dragon is moderately wounded.
You block the komodo dragon's attack.
You hit the komodo dragon but do no damage.
The komodo dragon is moderately wounded.
Your transformation is almost over.
The komodo dragon bites you!!
You hit the komodo dragon but do no damage.
The komodo dragon is moderately wounded.
The komodo dragon bites you but does no damage.
You hit the komodo dragon.
The komodo dragon is moderately wounded.
You hit the komodo dragon.
The komodo dragon is moderately wounded.
The komodo dragon bites you. The komodo dragon bites you!!
* * * LOW HITPOINT WARNING * * *
You hit the komodo dragon but do no damage.
The komodo dragon is moderately wounded.
You closely miss the komodo dragon.
The komodo dragon is moderately wounded.
You block the komodo dragon's attack.
You closely miss the komodo dragon.
The komodo dragon is moderately wounded.
The komodo dragon hisses menacingly.
The komodo dragon bites you but does no damage.
You hit the komodo dragon but do no damage.
The komodo dragon is moderately wounded.
You block the komodo dragon's attack.
You closely miss the komodo dragon.
The komodo dragon is moderately wounded.
You hear the faint crackling of a very distant melting archway.
You hear the beating of a very distant drum.
The komodo dragon bites you!
* * * LOW HITPOINT WARNING * * *
You hit the komodo dragon.
The komodo dragon is moderately wounded.
The komodo dragon bites you!
You die...

* * * , ,,, , * **
#. ,, , * , #. * *
* ##. * * #
##..####
..##....!.##
#..........# *
..........##### *
,.......<..l♣..# ,
* ,
..........###.....#
* * ..........#
*####. , **
,........### *
######### *


You could see a komodo dragon.

Vanquished Creatures
  An elephant (D:9)
  2 black mambas (Lair:1)
  A rime drake (Lair:1)
  A hippogriff (D:9)
  A yak (D:9)
  A basilisk (D:9)
  Edmund (D:6)
  An ice beast (D:8)
  3 centaurs
  A crocodile (D:9)
  A big kobold (D:8)
  A bullfrog (D:8)
  4 killer bees (D:8)
  3 howler monkeys
  A human zombie (D:8)
  A centaur zombie (D:6)
  A jelly (D:5)
  A gnoll shaman (D:9)
  A bullfrog skeleton (D:5)
  An iguana (D:5)
  2 worker ants
  2 hound zombies (D:5)
  A hound skeleton (D:5)
  A howler monkey skeleton (D:5)
  2 adders
  3 gnolls (D:9)
  4 shadow imps
  2 worms
  A dart slug (D:1)
  3 leopard geckos
  4 orcs
  2 bats (D:2)
  2 bat zombies (D:5)
  2 giant cockroaches
  6 jackals
  A quokka (D:9)
  A jackal zombie (D:5)
  6 kobolds
  A kobold zombie (D:8)
  A rat (D:2)
75 creatures vanquished.

Vanquished Creatures (others)
  A fungus (D:5)
1 creature vanquished.

Grand Total: 76 creatures vanquished

Notes
Turn   | Place    | Note
-------+----------+-------------------------------------------
     0 | D:1      | EnegeticOcto the Deep Dwarf Fighter began the quest for the
                  | Orb.
     0 | D:1      | Reached XP level 1. HP: 20/20 MP: 1/1
    54 | D:2      | Reached skill level 3 in Axes
    54 | D:2      | Reached XP level 2. HP: 20/27 MP: 2/2
    75 | D:4      | Reached skill level 4 in Axes
    75 | D:4      | Reached XP level 3. HP: 21/33 MP: 3/3
   100 | D:5      | Entered Level 5 of the Dungeon
   107 | D:5      | Reached XP level 4. HP: 40/40 MP: 4/4
   118 | D:5      | Reached skill level 5 in Axes
   148 | D:5      | Reached XP level 5. HP: 35/46 MP: 5/5
   160 | D:5      | Found a stormy altar of Qazlal.
   169 | D:5      | Reached skill level 6 in Axes
   170 | D:5      | Found a blossoming altar of Fedhas.
   196 | D:6      | Found Avich's Elemental Accessories.
   196 | D:6      | Noticed Edmund
   215 | D:6      | Killed Edmund
   215 | D:6      | Reached skill level 7 in Axes
   215 | D:6      | Reached XP level 6. HP: 52/55 MP: 5/5
   342 | D:5      | Found an iron altar of Okawaru.
   348 | D:5      | Became a worshipper of Warmaster Okawaru
   422 | D:6      | Reached skill level 1 in Invocations
   437 | D:6      | Reached skill level 8 in Axes
   456 | D:6      | You fall into a shaft and drop 3 floors!
   460 | D:9      | Found a white marble altar of Elyvilon.
   461 | D:9      | Noticed a sky beast
   482 | D:9      | Reached XP level 7. HP: 35/62 MP: 5/7
   545 | D:8      | Reached * piety under Okawaru
   570 | D:8      | Reached skill level 9 in Axes
   615 | D:8      | Reached XP level 8. HP: 37/72 MP: 9/9
   676 | D:9      | Reached ** piety under Okawaru
   698 | D:9      | Noticed an elephant
   724 | D:9      | Killed an elephant
   724 | D:9      | Reached skill level 10 in Axes
   724 | D:9      | Reached skill level 5 in Invocations
   778 | D:9      | Reached skill level 5 in Fighting
   789 | D:9      | Found a staircase to the Lair.
   789 | D:9      | Noticed a hippogriff
   823 | D:9      | Killed a hippogriff
   823 | D:9      | Reached *** piety under Okawaru
   823 | D:9      | Reached skill level 11 in Axes
   823 | D:9      | Gained mutation: You passively map the area around you.
                  | [Deep Dwarf growth]
   823 | D:9      | Reached XP level 9. HP: 62/81 MP: 3/3
   842 | D:10     | Entered Level 10 of the Dungeon
   912 | Lair:1   | Entered Level 1 of the Lair of Beasts
   912 | Lair:1   | Noticed a black mamba
   912 | Lair:1   | Noticed a black mamba
   912 | Lair:1   | Noticed a rime drake
   916 | Lair:1   | Noticed a komodo dragon
   918 | Lair:1   | Killed a rime drake
   918 | Lair:1   | Reached skill level 1 in Evocations
   938 | Lair:1   | Killed a black mamba
   938 | Lair:1   | Received a gift from Okawaru
   938 | Lair:1   | Reached skill level 1 in Spellcasting
   954 | Lair:1   | Killed a black mamba
   969 | Lair:1   | Slain by a komodo dragon

Illustrated notes

Levels and vault maps discovered:
D:1:      sevenhm_arrival_forest_fort_small_4, layout_basic, cheibriados_altar_1
D:2:      layout_loops_ring, minmay_between, uniq_sigmund
D:3:      layout_basic
D:4:      layout_layer_cave, led_sif_pool, nicolae_gozag_seed_capital,
          minmay_temple_entry_glass, uniq_robin
D:5:      layout_cave_pools, grunt_temple_overflow_forces_of_nature,
          lemuel_zombie_altar_kikubaaqudgha, okawaru_gym_becter,
          minmay_misc_feat_pillars
D:6:      layout_loops_ring, nicolae_elemental_shop, kennysheep_dice,
          uniq_edmund
D:8:      layout_loops_ring, grunt_temple_overflow_open, dk_yredelemnul_ordeal
D:9:      layout_loops_cross, minmay_overflow_temple_star_quad,
          david_lair_generic, gammafunk_ghost_abyssal_escape, trog_wizard,
          uniq_joseph, uniq_grum
D:10:     layout_irregular_city
Lair:1:   layout_cave_pods, gauntlet_entry_generic,
          portal_ice_cave_entry_ice_beasts, lemuel_fruit_fields

Skill      XL: |  1  2  3  4  5  6  7  8  9 |
---------------+----------------------------+-----
Axes           | 3 4 5 7 8 9 11 | 11.6
Invocations    | 1 3 6 |  6.0
Fighting       | 3 5 |  5.0
Evocations     | 3 |  3.1
Shields        | 4 |  4.3
Spellcasting   | 1 |  1.8
Armour         | |  3.2

Action                   |  1- 3 |  4- 6 |  7- 9 || total
-------------------------+-------+-------+-------++-------
Melee: War axe           |    17 |   100 |   202 ||   319
Invok: Heroism           |       |       |     2 ||     2
 Abil: Heal Wounds       |     1 |     3 |    23 ||    27
  Use: Scroll            |     1 |       |     5 ||     6
       Potion            |       |       |     2 ||     2
Armor: Scale mail        |    10 |    51 |   109 ||   170
       Skin              |       |       |    31 ||    31
Dodge: Dodged            |     6 |    44 |    88 ||   138
Block: Kite shield       |    19 |    67 |   143 ||   229

Table legend: (Time is in decaauts)
 A = Elapsed time spent in this place.
 B = Non-inter-level travel time spent in this place.
 C = Inter-level travel time spent in this place.
 D = Time resting spent in this place.
 E = Time spent auto-exploring this place.
 F = Levels seen in this place.
 G = Mean time per level.
                   A        B        C        D        E       F      G
               +--------+--------+--------+--------+--------+-----+--------+
         Total |   1010 |    983 |     27 |      0 |      0 |  10 |  101.0 |
       Dungeon |    960 |    933 |     27 |      0 |      0 |   9 |  106.7 |
          Lair |     50 |     50 |      0 |      0 |      0 |   1 |   50.0 |
               +--------+--------+--------+--------+--------+-----+--------+

Top non-repeatable levels by time:
     D:9: 303 daAuts
     D:5: 260 daAuts
     D:8: 143 daAuts
     D:6: 110 daAuts
  Lair:1: 50 daAuts
     D:1: 47 daAuts
     D:4: 45 daAuts
    D:10: 22 daAuts
     D:2: 16 daAuts
     D:3: 11 daAuts
